 Dungeon Crawl Stone Soup version 0.30-a0-4-ga7cffc901d (webtiles) character file.

Game seed: 3142240142588961019

43400 Zonian the Fighter (level 14, 0/65 HPs)
             Began as a Vine Stalker Ice Elementalist on Aug 18, 2022.
             Was a Plaything of Xom.
             Slain by a death yak (5 damage)
             ... on level 4 of the Lair of Beasts on Aug 20, 2022.
             The game lasted 01:31:38 (22507 turns).

Zonian the Fighter (Vine Stalker Ice Elementalist) Turns: 22507, Time: 01:31:40

Health: 0/65       AC: 13    Str:  8 (12) XL:     14   Next: 24%
Magic:  0/36       EV: 17    Int: 13 (22) God:    Xom [....*.]
Gold:   513        SH:  6    Dex: 17      Spells: 15/29 levels left

rFire   . . .      SeeInvis .    G - +5 dagger "Impslayer" {vorpal, *Noise Will+ Int+9}
rCold   . . .      Faith    .    O - +1 buckler
rNeg    . . .      Spirit   +    N - +0 steam dragon scales
rPois   .          Reflect  .    (helmet restricted)
rElec   .          Harm     .    (no cloak)
rCorr   .          Rampage  .    (no gloves)
Will    ++...                    e - +2 pair of boots
Stlth   +++++.....               k - amulet of magic regeneration
HPRegen 1.00/turn                j - +4 ring of evasion
MPRegen 0.65/turn                I - ring of magical power

@: ice-armoured, freezing walls, hasted, very quick
A: fangs 3, regeneration 1, magic shield, antimagic bite, no potion heal 2,
antennae 1, deformed body, deterioration 1, dopey 2, frail 2, screaming 1,
evolution 1
a: Renounce Religion


You were on level 4 of the Lair of Beasts.
You worshipped Xom.
You were a beloved toy of Xom.
You visited 3 branches of the dungeon, and saw 17 of its levels.

You collected 1073 gold pieces.
You spent 560 gold pieces at shops.

Inventory:

Hand Weapons
 w - a +4 dagger of venom
 y - a +2 whip of flaming
 G - the +5 dagger "Impslayer" (weapon) {vorpal, *Noise Will+ Int+9}
   (You found it on level 8 of the Dungeon)

   It inflicts extra damage upon your enemies.
   Int:       It affects your intelligence (+9).
   *Noise:    It may make noises in combat.
   Will:      It increases your willpower.
 J - a +0 sling
 L - a +2 short sword of draining
 P - a +1 dagger of venom
Missiles
 n - 4 boomerangs of dispersal
 r - 52 poisoned darts
 x - 9 boomerangs
 S - 4 curare-tipped darts
 W - a throwing net
Armour
 c - a +0 robe of resistance
 e - a +2 pair of boots (worn)
 s - a +4 chain mail of willpower
 N - +0 steam dragon scales (worn)
 O - a +1 buckler (worn)
Jewellery
 a - the ring of Keagoget {Ice Fly rElec SInv Stlth-}
   (Xom gifted it to you on level 4 of the Lair of Beasts)

   [ring of ice]

   It enhances your ice magic.
   rF:        It makes you vulnerable to fire.
   rC:        It protects you from cold.
   rElec:     It insulates you from electricity.
   SInv:      It lets you see invisible.
   Fly:       It grants you flight.
   Stlth:     It makes you less stealthy.
 h - a +6 ring of intelligence
 j - a +4 ring of evasion (left hand)
 k - an amulet of magic regeneration (around neck)
 A - a ring of protection from cold
 C - a ring of resist corrosion
 E - an amulet of reflection
 H - an amulet of regeneration
 I - a ring of magical power (right hand)
 Y - a ring of fire
Wands
 b - a wand of roots (2)
 d - a wand of charming (2)
 D - a wand of flame (59)
 K - a wand of polymorph (5)
 X - a wand of mindburst (5)
 Z - a wand of acid (5)
Scrolls
 g - 3 scrolls of magic mapping
 v - a scroll of poison
 V - a scroll of teleportation
Potions
 f - 2 potions of mutation
 l - 3 potions of attraction
 m - 9 potions of ambrosia
 o - 2 potions of resistance
 p - 2 potions of haste
 q - 2 potions of might
 t - a potion of lignification {unknown}
 z - 2 potions of flight
 B - 6 potions of curing
 M - a potion of berserk rage {unknown}
 U - a potion of brilliance {unknown}
Miscellaneous
 R - a tin of tremorstones (inert)
 T - a piece from Xom's chessboard (15/15)


   Skills:
 - Level 13.4 Fighting
 + Level 8.2 Short Blades
 + Level 1.5 Armour
 - Level 3.0 Dodging
 - Level 11.0 Stealth
 - Level 4.0 Shields
 - Level 8.4 Spellcasting
 + Level 7.7 Conjurations
 - Level 9.0 Ice Magic
 + Level 0.7 Air Magic
 + Level 0.7 Poison Magic
 - Level 4.0 Evocations


You had 15 spell levels left.
You knew the following spells:

 Your Spells              Type           Power      Damage    Failure   Level
a - Freeze                Ice            100%       1d11      1%          1
b - Frozen Ramparts       Ice            58%        1d9       1%          3
c - Ozocubu's Armour      Ice            29%        N/A       1%          3
d - Hailstorm             Conj/Ice       27%        3d7       5%          4
e - Mephitic Cloud        Conj/Pois/Air  13%        N/A       14%         3

Your spell library contained the following spells:

 Spells                   Type           Power      Damage    Failure   Level
 Ensorcelled Hibernation  Hex/Ice        34%        N/A       4%          2
 Apportation              Tloc           10%        N/A       17%         1
 Necrotise                Necr           20%        1d5       17%         1
 Summon Small Mammal      Summ           20%        N/A       17%         1
 Blink                    Tloc           10%        N/A       26%         2
 Passwall                 Tmut/Erth      4%         N/A       26%         2
 Fulminant Prism          Conj/Hex       7%         3d7       34%         4
 Iskenderun's Mystic Bla  Conj/Tloc      15%        2d5       34%         4
 Swiftness                Air            7%         N/A       36%         3
 Freezing Cloud           Conj/Ice/Air   10%        6-21      38%         5
 Ignite Poison            Fire/Tmut/Pois 6%         N/A       41%         3
 Call Canine Familiar     Summ           5%         N/A       45%         3
 Portal Projectile        Hex/Tloc       10%        N/A       45%         3
 Fireball                 Conj/Fire      7%         3d5       67%         5
 Animate Armour           Summ/Erth      10%        N/A       86%         4
 Leda's Liquefaction      Hex/Erth       2%         N/A       86%         4
 Blade Hands              Tmut           2%         N/A       99%         5
 Lee's Rapid Deconstruct  Erth           2%         3d6*      99%         5
 Manifold Assault         Tloc           5%         N/A       99%         5
 Iron Shot                Conj/Erth      7%         9d2       99%         6
 Starburst                Conj/Fire      7%         6d4       99%         6
 Storm Form               Tmut/Air       3%         N/A       100%        7
 Ignition                 Fire           2%         3d3       100%        8


Dungeon Overview and Level Annotations

Branches:
Dungeon (11/15)            Temple (1/1) D:4            Lair (5/5) D:11
  Swamp (0/4) Lair:3        Snake (0/4) Lair:3        Slime (0/5) Lair:4
    Orc: D:9-12

Altars:
Ashenzari
Cheibriados
Dithmenos
Gozag
Hepliaklqana
Kikubaaqudgha
Makhleb
Nemelex Xobeh
Qazlal
Sif Muna
Trog
Uskayaw
Xom
Zin
The Shining One
Jiyva

Shops:
D:6 =

Annotations:
D:4 Grinder


Innate Abilities, Weirdness & Mutations

You have razor-sharp teeth.
Your natural rate of healing is unusually fast.
When hurt, damage is shared between your health and your magic reserves.
Your bite disrupts and absorbs the magic of your enemies.
Potions cannot restore your health.
You have a pair of small antennae on your head.
Armour fits poorly on your strangely shaped body.
Your body sometimes deteriorates upon taking damage.
You are very dopey. (Int -4)
You are very frail. (-20% HP)
You occasionally shout uncontrollably at your foes.
You have hidden genetic potential.


Message History

The death yak gores you.
* * * LOW HITPOINT WARNING * * *
The wall freezes the seven-headed hydra!
The seven-headed hydra seems to slow down.
The seven-headed hydra barely misses you.
The seven-headed hydra bites you!
* * * LOW HITPOINT WARNING * * *
The seven-headed hydra closely misses you.
The seven-headed hydra barely misses you.
The seven-headed hydra bites you but does no damage.
You block the seven-headed hydra's attack.
The seven-headed hydra closely misses you.
You hit the seven-headed hydra. You bite the seven-headed hydra!
You drain its power.
You feel invigorated.
The seven-headed hydra is severely wounded.
The wall freezes the yak.
The yak barely misses you.
The wall freezes the cane toad.
The cane toad seems to slow down.
The cane toad stings you.
* * * LOW HITPOINT WARNING * * *
The wall freezes the death yak.
You block the death yak's attack.
You hit the seven-headed hydra.
The seven-headed hydra is severely wounded.
The wall freezes the seven-headed hydra.
The seven-headed hydra bites you.
* * * LOW HITPOINT WARNING * * *
The seven-headed hydra barely misses you.
The seven-headed hydra completely misses you.
The seven-headed hydra barely misses you.
The seven-headed hydra bites you!
* * * LOW HITPOINT WARNING * * *
You block the seven-headed hydra's attack.
The seven-headed hydra barely misses you.
You hit the seven-headed hydra.
You hear a splashing noise.
Your bite misses the seven-headed hydra.
The seven-headed hydra is severely wounded.
The wall freezes the yak!
The yak gores you but does no damage.
The wall freezes the death yak.
The death yak gores you!
You die...
Xom laughs nastily!

P............##
..............#
..............#
.......#......#
####...#......### #
##...#####....# #
#....# ##...#
##..## #..Y##
####...# ##PY@##
##....## ###FD#
####...## #._#
.#......########..#
............#.##.##
..##...P........##
####...###.###..# #
#...## ### ####
###...#


You could see a death yak, a seven-headed hydra (slow), a yak and a cane toad
(slow).

Vanquished Creatures
  3 hydras
  2 catoblepae
  3 two-headed ogres
  5 death yaks (Lair:2)
  Pikel (D:4)
  A wolf spider (D:10)
  An oklob plant (D:11)
  A mana viper (Lair:1)
  Maurice (D:9)
  3 black mambas
  6 cane toads
  13 elephants
  2 rime drakes
  8 komodo dragons
  A troll (D:10)
  A queen bee (D:9)
  3 polar bears
  3 hornets
  22 blink frogs
  5 dream sheep (Lair:3)
  Prince Ribbit (D:8)
  Sigmund (D:6)
  3 wyverns
  48 yaks
  8 basilisks
  A steam dragon (D:8)
  A redback (shapeshifter) (Lair:1)
  Menkaure (D:7)
  A swamp worm (Lair:3)
  19 water moccasins
  Duvessa (D:6)
  An orc warrior (D:9)
  3 black bears
  5 sky beasts
  2 ice beasts
  An ogre (D:6)
  2 centaurs
  12 wolves
  4 lemures (D:4)
  14 bullfrogs
  3 kobold brigands
  A necrophage (D:8)
  5 scorpions
  Dowan (D:6)
  30 killer bees
  5 howler monkeys
  2 quasits (D:4)
  5 hounds
  4 orc priests
  A jelly (D:7)
  8 orc wizards
  9 hell rats (Lair:3)
  8 iguanas
  Robin (D:4)
  3 gnolls (D:5)
  9 adders
  2 shadow imps
  3 white imps
  An ufetubus (D:4)
  2 worms
  A dart slug (D:1)
  33 orcs
  5 endoplasms
  7 giant cockroaches
  12 goblins
  14 hobgoblins
  6 jackals
  2 quokkas
  8 bats
  4 frilled lizards
  18 kobolds
  5 rats
432 creatures vanquished.

Vanquished Creatures (collateral kills)
  A phantom (D:3)
  2 scorpions (D:4)
  2 quasits (D:4)
  A jelly (D:4)
  2 white imps (D:4)
  An ufetubus (D:4)
9 creatures vanquished.

Vanquished Creatures (others)
  A black mamba (Lair:3)
  7 demonic plants (D:4)
  43 fungi
  42 plants
93 creatures vanquished.

Grand Total: 534 creatures vanquished

Notes
Turn   | Place    | Note
-------+----------+-------------------------------------------
     0 | D:1      | Zonian the Vine Stalker Ice Elementalist began the quest
                  | for the Orb.
     0 | D:1      | Reached XP level 1. HP: 9/9 MP: 4/4
   377 | D:1      | Reached XP level 2. HP: 13/13 MP: 3/6
  1488 | D:2      | Reached XP level 3. HP: 16/16 MP: 5/7
  1611 | D:2      | Learned a level 3 spell: Frozen Ramparts
  1615 | D:2      | Learned a level 3 spell: Ozocubu's Armour
  2844 | D:2      | Found a faded altar of an unknown god.
  2852 | D:2      | Prayed at the altar of an unknown god.
  2852 | D:2      | Became a worshipper of Xom of Chaos
  2914 | D:3      | Noticed a phantom
  2962 | D:3      | Gained mutation: Your natural rate of healing is unusually
                  | fast. [Vine Stalker growth]
  2962 | D:3      | Reached XP level 4. HP: 18/21 MP: 5/9
  3026 | D:3      | XOM: potion effect (magic)
  3028 | D:3      | XOM: divination: detect items
  3041 | D:3      | XOM: confuse monster(s)
  3318 | D:3      | XOM: potion effect (magic)
  3337 | D:3      | XOM: smoke on damage
  3359 | D:3      | XOM: divination: detect creatures
  3375 | D:3      | XOM: noise
  3379 | D:3      | Reached XP level 5. HP: 9/24 MP: 7/10
  3420 | D:3      | XOM: silly message
  3476 | D:3      | XOM: silly message
  3647 | D:3      | XOM: scenery: create altars
  3659 | D:3      | XOM: summons 4 friendly demons
  3661 | D:3      | Killed a phantom
  3717 | D:3      | Reached XP level 6. HP: 26/28 MP: 8/12
  3891 | D:3      | Found an ancient bone altar of Kikubaaqudgha.
  3996 | D:4      | Noticed Robin
  4026 | D:3      | Reached skill level 5 in Ice Magic
  4286 | D:4      | XOM: polymorph orc -> goblin
  4360 | D:4      | XOM: scenery: summon butterflies
  4412 | D:4      | XOM: god gift: +4 chain mail of willpower
  4449 | D:4      | Found a staircase to the Ecumenical Temple.
  4454 | D:4      | Noticed a black bear
  4507 | D:4      | XOM: summons friendly red devil
  4510 | D:4      | Reached skill level 5 in Stealth
  4557 | D:4      | Reached XP level 7. HP: 30/32 MP: 12/14
  4570 | D:4      | XOM: god gift: 47 gold pieces
  4577 | D:4      | XOM: give mutations
  4577 | D:4      | Gained mutation: You possess an exceptional clarity of
                  | mind. [Xom's grace]
  4577 | D:4      | Gained mutation: You are somewhat resistant to further
                  | mutation. [Xom's grace]
  4577 | D:4      | Gained mutation: Your spells are a little harder to cast,
                  | but a little more powerful. [Xom's grace]
  4577 | D:4      | Gained mutation: You have a somewhat thin skeletal
                  | structure. (Dex +2, Stealth+) [Xom's grace]
  4650 | D:4      | Noticed Grinder
  4653 | D:4      | XOM: confuse monster(s)
  4655 | D:4      | XOM: confuse monster(s)
  4680 | D:4      | XOM: scenery: create altars
  4843 | D:4      | XOM: smoke on damage
  4848 | D:4      | Killed Robin
  4972 | D:4      | Noticed Pikel
  4984 | D:4      | XOM: scenery: create altars
  4987 | D:4      | XOM: cleaving
  4990 | D:4      | XOM: confuse monster(s)
  4997 | D:4      | XOM: divination: detect items
  5043 | D:4      | XOM: potion effect (haste)
  5253 | D:4      | XOM: silly message
  5288 | D:4      | Reached skill level 5 in Spellcasting
  5292 | D:4      | Gained mutation: You have razor-sharp teeth. [Vine Stalker
                  | growth]
  5292 | D:4      | Reached XP level 8. HP: 36/36 MP: 16/16
  5336 | D:4      | XOM: potion effect (magic)
  5339 | D:4      | Killed Pikel
  5382 | D:4      | XOM: noise
  5430 | Temple   | Entered the Ecumenical Temple
  5946 | Temple   | XOM: god gift: scroll of vulnerability
  5976 | D:5      | Entered Level 5 of the Dungeon
  6339 | D:5      | XOM: 4-stop teleportation journey
  6785 | D:5      | Reached XP level 9. HP: 31/39 MP: 12/19
  7216 | D:5      | XOM: summons 4 hostile demons
  7438 | D:6      | Found Moto's Jewellery Shoppe.
  7438 | D:6      | XOM: summons 3 hostile demons
  7442 | D:6      | XOM: give mutations
  7442 | D:6      | Gained mutation: You are dopey. (Int -2) [Xom's mischief]
  7442 | D:6      | Gained mutation: You are very dopey. (Int -4) [Xom's
                  | mischief]
  7671 | D:6      | Bought a ring of magical power for 280 gold pieces
  7697 | D:6      | XOM: silly message
  7930 | D:6      | XOM: silly message
  7954 | D:6      | XOM: noise
  7984 | D:6      | Noticed Duvessa
  7984 | D:6      | Noticed Dowan
  8021 | D:6      | Killed Dowan
  8035 | D:6      | Killed Duvessa
  8172 | D:6      | Noticed Sigmund
  8491 | D:6      | XOM: scenery: summon butterflies
  8657 | D:6      | Killed Sigmund
  9410 | D:7      | Reached skill level 10 in Stealth
  9626 | D:7      | Noticed Menkaure
  9635 | D:7      | XOM: noise
  9639 | D:7      | Killed Menkaure
  9716 | D:7      | Reached skill level 1 in Short Blades
  9721 | D:7      | Reached XP level 10. HP: 43/44 MP: 23/23
  9928 | D:7      | XOM: 7-stop teleportation journey
 10034 | D:7      | XOM: 4-stop teleportation journey
 10299 | D:7      | XOM: noise
 10520 | D:7      | XOM: smoke on damage
 10728 | D:8      | Identified the +5 dagger "Impslayer" {vorpal, *Noise Will+
                  | Int+9}
 10962 | D:8      | Reached skill level 1 in Fighting
 10996 | D:8      | XOM: cloud trail
 11032 | D:8      | XOM: silly message
 11060 | D:8      | Learned a level 4 spell: Hailstorm
 11094 | D:8      | XOM: confuse monster(s)
 11097 | D:8      | Reached skill level 1 in Shields
 11103 | D:8      | Reached skill level 2 in Fighting
 11121 | D:8      | XOM: divination: detect items
 11122 | D:8      | XOM: cast spell 'Statue Form'
 11462 | D:8      | Noticed Prince Ribbit
 11469 | D:8      | Killed Prince Ribbit
 11470 | D:8      | Reached skill level 3 in Fighting
 11552 | D:8      | Noticed a black mamba
 11552 | D:8      | a yak changed into a black mamba
 11552 | D:8      | XOM: polymorph yak -> black mamba
 11561 | D:8      | HP: 1/49 [yak (7)]
 11568 | D:8      | Killed a black mamba
 11705 | D:8      | XOM: silly message
 11735 | D:8      | XOM: summons 6 hostile demons
 12010 | D:9      | Noticed a two-headed ogre
 12024 | D:8      | Reached skill level 4 in Fighting
 12024 | D:8      | Reached XP level 11. HP: 51/53 MP: 24/24
 12089 | D:9      | Noticed Maurice
 12089 | D:9      | Noticed a two-headed ogre
 12089 | D:9      | Found a sparkling altar of Nemelex Xobeh.
 12089 | D:9      | Found a hazy altar of Hepliaklqana.
 12089 | D:9      | Found a glowing golden altar of the Shining One.
 12089 | D:9      | Found an opulent altar of Gozag.
 12089 | D:9      | Found a glowing silver altar of Zin.
 12089 | D:9      | Found a shimmering blue altar of Sif Muna.
 12089 | D:9      | Found a bloodstained altar of Trog.
 12089 | D:9      | XOM: 8-stop teleportation journey
 12297 | D:9      | XOM: swap monsters
 12415 | D:9      | XOM: 1-stop teleportation journey
 12581 | D:9      | Reached skill level 5 in Fighting
 12679 | D:8      | XOM: noise
 12784 | D:8      | XOM: summons 6 hostile demons
 12824 | D:8      | XOM: give mutations
 12824 | D:8      | Gained mutation: Your body sometimes deteriorates upon
                  | taking damage. [Xom's mischief]
 12824 | D:8      | Lost mutation: Your spells are a little harder to cast, but
                  | a little more powerful. [Xom's mischief]
 12949 | D:8      | XOM: stat loss: -1 Str (10/11)
 12957 | D:8      | XOM: 3-stop teleportation journey
 13042 | D:9      | XOM: divination: detect creatures
 13213 | D:9      | Found a hide-covered altar of Uskayaw.
 13216 | D:9      | Found a snail-covered altar of Cheibriados.
 13220 | D:9      | Found a burning altar of Makhleb.
 13225 | D:9      | Found a shimmering altar of Xom.
 13227 | D:9      | Found a stormy altar of Qazlal.
 13462 | D:9      | XOM: summons 8 friendly demons
 13488 | D:9      | Killed a two-headed ogre
 13489 | D:9      | Reached skill level 6 in Fighting
 13495 | D:9      | Killed Maurice
 13595 | D:9      | XOM: silly message
 13604 | D:9      | Reached skill level 7 in Fighting
 13689 | D:9      | XOM: enchant monster (good)
 13892 | D:9      | XOM: confuse monster(s)
 13910 | D:9      | Killed a two-headed ogre
 13911 | D:9      | Reached skill level 8 in Fighting
 14465 | D:9      | XOM: divination: magic mapping
 14680 | D:10     | Entered Level 10 of the Dungeon
 14736 | D:10     | Noticed a two-headed ogre
 14743 | D:10     | Killed a two-headed ogre
 14744 | D:10     | Reached skill level 9 in Fighting
 14762 | D:10     | Noticed a wolf spider
 14772 | D:10     | Killed a wolf spider
 14799 | D:10     | Reached XP level 12. HP: 67/67 MP: 25/25
 15137 | D:11     | Found a staircase to the Lair.
 15336 | D:11     | XOM: butterfly on damage
 15408 | D:11     | XOM: divination: detect creatures
 15488 | D:6      | Bought a ring of resist corrosion for 280 gold pieces
 15551 | D:11     | XOM: divination: detect creatures
 15595 | D:11     | XOM: cast spell 'Leda's Liquefaction'
 15599 | D:11     | Reached skill level 10 in Fighting
 15603 | Lair:1   | Entered Level 1 of the Lair of Beasts
 15609 | Lair:1   | XOM: polymorph adder -> iguana
 15821 | Lair:1   | XOM: swap monsters
 15830 | Lair:1   | Reached skill level 11 in Fighting
 15884 | Lair:1   | XOM: swap monsters
 15901 | Lair:1   | XOM: 1-stop teleportation journey
 15914 | Lair:1   | XOM: smoke on damage
 16050 | Lair:1   | XOM is BORED!
 16050 | Lair:1   | XOM: give mutations
 16050 | Lair:1   | Lost mutation: You are somewhat resistant to further
                  | mutation. [Xom's mischief]
 16050 | Lair:1   | Gained mutation: You have hidden genetic potential. [Xom's
                  | mischief]
 16050 | Lair:1   | Gained mutation: Armour fits poorly on your strangely
                  | shaped body. [Xom's mischief]
 16050 | Lair:1   | Lost mutation: You have a somewhat thin skeletal structure.
                  | (Dex +2, Stealth+) [Xom's mischief]
 16075 | Lair:1   | XOM: give mutations
 16075 | Lair:1   | Gained mutation: Your body often deteriorates upon taking
                  | damage. [Xom's mischief]
 16075 | Lair:1   | Gained mutation: You occasionally shout uncontrollably at
                  | your foes. [Xom's mischief]
 16075 | Lair:1   | Gained mutation: You are frail. (-10% HP) [Xom's mischief]
 16075 | Lair:1   | Gained mutation: You are clumsy. (Dex -2) [Xom's mischief]
 16111 | Lair:1   | XOM: summons 3 hostile shadow creatures
 16178 | Lair:1   | Reached skill level 12 in Fighting
 16180 | Lair:1   | XOM: 6-stop teleportation journey
 16342 | Lair:1   | XOM: enchant monster (bad)
 16394 | Lair:1   | XOM: silly message
 16478 | Lair:1   | Noticed a death yak
 16480 | Lair:1   | Noticed a death yak
 16480 | Lair:1   | Noticed a death yak
 16581 | Lair:1   | XOM: polymorph elephant -> glowing shapeshifter
 16603 | Lair:1   | Noticed a catoblepas
 16616 | Lair:1   | Killed a catoblepas
 16910 | Lair:1   | XOM: polymorph elephant -> mana viper
 16912 | Lair:1   | XOM: stat loss: -1 Int (19/22)
 16933 | Lair:1   | XOM: torment (34/64 hp)
 17101 | Lair:1   | Noticed a death yak
 17101 | Lair:1   | Noticed a death yak
 17195 | Lair:1   | XOM: scenery: summon butterflies
 17229 | Lair:2   | XOM: noise
 17236 | Lair:2   | XOM: destruction
 17237 | Lair:2   | XOM: noise
 17246 | Lair:2   | Reached skill level 13 in Fighting
 17279 | Lair:2   | Reached XP level 13. HP: 69/69 MP: 26/26
 17395 | Lair:2   | XOM: destruction
 17409 | Lair:2   | XOM: 1-stop teleportation journey
 17562 | Lair:2   | Reached skill level 1 in Conjurations
 17562 | Lair:2   | Reached skill level 1 in Evocations
 17650 | Lair:2   | Reached skill level 5 in Short Blades
 17650 | Lair:2   | XOM: blink monster(s)
 17654 | Lair:2   | XOM: confuse monster(s)
 17662 | Lair:2   | Gained mutation: You have a pair of small antennae on your
                  | head. [hidden potential]
 17676 | Lair:2   | XOM: 1-stop teleportation journey
 17728 | Lair:2   | XOM: silly message
 17820 | Lair:2   | XOM: cleaving
 17933 | Lair:2   | XOM: scenery: summon butterflies
 18053 | Lair:2   | XOM: summons friendly ufetubus
 18058 | Lair:2   | XOM: cleaving
 18064 | Lair:2   | XOM: 1-stop teleportation journey
 18364 | Lair:2   | XOM: enchant monster (bad)
 18515 | Lair:3   | Reached skill level 5 in Conjurations
 18584 | Lair:3   | Found a staircase to the Snake Pit.
 18702 | Lair:3   | XOM: divination: detect creatures
 18840 | Lair:3   | XOM: divine lightning
 18924 | Lair:3   | Found a staircase to the Swamp.
 19014 | Lair:3   | XOM: god gift: 36 gold pieces
 19388 | Lair:3   | XOM: cast spell 'Metabolic Englaciation'
 19916 | Lair:4   | XOM: confuse monster(s)
 19983 | Lair:4   | XOM: confuse monster(s)
 19986 | Lair:4   | Reached XP level 14. HP: 73/73 MP: 27/27
 19998 | Lair:4   | XOM: noise
 20058 | Lair:4   | XOM: 1-stop teleportation journey
 20139 | Lair:4   | XOM: fog
 20145 | Lair:4   | XOM: summons 9 friendly demons
 20280 | Lair:4   | XOM: smoke on damage
 20315 | Lair:4   | XOM: summons 3 hostile shadow creatures
 20379 | Lair:4   | XOM: give mutations
 20379 | Lair:4   | Lost mutation: Your body often deteriorates upon taking
                  | damage. [Xom's mischief]
 20379 | Lair:4   | Lost mutation: You are clumsy. (Dex -2) [Xom's mischief]
 20379 | Lair:4   | Lost mutation: You possess an exceptional clarity of mind.
                  | [Xom's mischief]
 20379 | Lair:4   | Gained mutation: You are very frail. (-20% HP) [Xom's
                  | mischief]
 20397 | Lair:4   | Found a viscous altar of Jiyva.
 20398 | Lair:4   | Found a staircase to the Slime Pits.
 20399 | Lair:4   | XOM: summons 4 hostile shadow creatures
 20402 | Lair:4   | XOM: smoke on damage
 20633 | Lair:3   | XOM: silly message
 20820 | Lair:4   | XOM: god gift: staff of cold
 20961 | Lair:4   | XOM is BORED!
 20961 | Lair:4   | XOM: stat loss: -1 Int (15/22)
 21129 | Lair:4   | Reached skill level 1 in Armour
 21534 | Lair:4   | XOM: torment (45/65 hp)
 21642 | Lair:4   | Upgraded the game from 0.29-a0-1065-g47a6bb87d6 to
                  | 0.30-a0-4-ga7cffc901d
 21661 | Lair:5   | Entered Level 5 of the Lair of Beasts
 21663 | Lair:4   | XOM: blink monster(s)
 21966 | Lair:4   | Learned a level 3 spell: Mephitic Cloud
 22052 | Lair:3   | XOM: summons 3 hostile shadow creatures
 22159 | Lair:4   | Identified the ring of Keagoget {Ice Fly rElec SInv Stlth-}
                  | (Xom gifted it to you on level 4 of the Lair of Beasts)
 22159 | Lair:4   | XOM: god gift: ring of Keagoget {Ice Fly rElec SInv Stlth-}
 22502 | Lair:4   | XOM: scenery: create altars
 22507 | Lair:4   | Slain by a death yak

Illustrated notes

Levels and vault maps discovered:
D:1:      minmay_arrival_up_and_down, layout_loops_ring, nrook_mini_backslash
D:2:      layout_loops_cross, shapermc_ecumenical_altar_pompeii,
          wander_ebering_terrifying_dragon_lair
D:3:      layout_rooms, marbit_many_paths, gup_sewer_entry_spiral
D:4:      old_forge, layout_rooms, minmay_temple_entry_antechambers,
          serial_demonic, serial_demonic_b, serial_demonic_c, serial_demonic_e,
          serial_demonic_g, serial_demonic_e, serial_demonic_c,
          serial_demonic_g, serial_demonic_c, moated_statue, uniq_pikel,
          uniq_robin, uniq_grinder
D:5:      layout_basic
D:6:      layout_basic, serial_shops, shop_fountains, uniq_sigmund, uniq_duvessa
D:7:      layout_cave_pods, uniq_menkaure
D:8:      layout_gridville, uniq_prince_ribbit1
D:9:      layout_rooms, minitemple, special_room [special_room_bee],
          nrook_mini_vaults, dk_rats_in_the_wall, uniq_maurice
D:10:     layout_cave_pools
D:11:     layout_cave_pods, dpeg_oklobed_lair, portal_ice_cave_entry_pillars_1,
          kennysheep_generic_room_12
Temple:   nicolae_temple_bog_church
Lair:1:   layout_loops_ring, gauntlet_entry_generic, cheibrodos_lair_reptile_den
Lair:2:   nzn_winding_woodlands_small [nzn_winding_woodlands_5x15_crooked,
          nzn_winding_woodlands_center_pierced_h,
          nzn_winding_woodlands_5x15_sidewinder], layout_loops_ring
Lair:3:   layout_roguey, minmay_swamp_entry_worms, dummy_snake_entry,
          kennysheep_basilisk_garden, infiniplex_staircase_pool
Lair:4:   layout_layer_cave, slime_entry_1, grunt_forest_stairs_basic
Lair:5:   cheibrodos_lair_end_hotspot, layout_cave_shapes, basic_altar,
          small_statue_intersection

Skill      XL: |  1  2  3  4  5  6  7  8  9 10 11 12 13 14 |
---------------+-------------------------------------------+-----
Stealth        | 3 4 5 6 8 10 11 | 11.0
Dodging        | 2 3 |  3.0
Spellcasting   | 3 4 5 6 8 |  8.4
Ice Magic      | 5 6 7 8 9 |  9.0
Short Blades   | 1 4 7 8 |  8.2
Fighting       | 4 9 13 | 13.4
Shields        | 3 4 |  4.0
Conjurations   | 6 7 |  7.7
Evocations     | 4 |  4.0
Armour         | 1 |  1.5
Air Magic      | |  0.7
Poison Magic   | |  0.7

Action                   |  1- 3 |  4- 6 |  7- 9 | 10-12 | 13-15 || total
-------------------------+-------+-------+-------+-------+-------++-------
Melee: Spear             |     4 |       |       |       |       ||     4
       Short sword       |    39 |   143 |    39 |       |       ||   221
       Bite              |     9 |    36 |    75 |   236 |   253 ||   609
       Punch             |     1 |       |     9 |     1 |       ||    11
       Dagger            |       |       |   241 |   567 |   533 ||  1341
Throw: Dart              |       |     5 |     6 |     6 |     4 ||    21
       Boomerang         |       |       |       |       |     1 ||     1
 Cast: Freeze            |    32 |    35 |    35 |    41 |     5 ||   148
       Frozen Ramparts   |       |       |    15 |    57 |    39 ||   111
       Ozocubu's Armour  |       |       |     5 |    12 |    11 ||    28
       Hailstorm         |       |       |       |       |     5 ||     5
Evoke: Wand              |       |       |       |     8 |    10 ||    18
       Tin of tremorston |       |       |       |     2 |     2 ||     4
       Piece from Xom's  |       |       |       |       |     4 ||     4
  Use: Scroll            |     2 |     8 |    10 |     8 |    11 ||    39
       Potion            |       |       |     1 |     3 |     2 ||     6
 Stab: Sleeping          |     6 |     3 |    13 |    19 |     1 ||    42
       Confused          |       |       |     4 |       |     3 ||     7
       Distracted        |       |       |     1 |     3 |     1 ||     5
       Invisible         |       |       |     2 |       |       ||     2
       Petrified         |       |       |       |     2 |       ||     2
       Paralysed         |       |       |       |     1 |       ||     1
Armor: Robe              |    17 |    59 |    95 |    15 |       ||   186
       Steam dragon scal |       |       |       |   156 |    98 ||   254
       Skin              |       |       |       |     6 |       ||     6
Dodge: Dodged            |    37 |   143 |   191 |   394 |   325 ||  1090
Block: Buckler           |       |       |       |   129 |   116 ||   245

Table legend: (Time is in decaauts)
 A = Elapsed time spent in this place.
 B = Non-inter-level travel time spent in this place.
 C = Inter-level travel time spent in this place.
 D = Time resting spent in this place.
 E = Time spent auto-exploring this place.
 F = Levels seen in this place.
 G = Mean time per level.
                   A        B        C        D        E       F      G
               +--------+--------+--------+--------+--------+-----+--------+
         Total |  22184 |  21638 |    546 |   7772 |   7321 |  17 | 1304.9 |
       Dungeon |  14939 |  14567 |    372 |   5137 |   4934 |  11 | 1358.1 |
        Temple |    518 |    518 |      0 |    512 |      0 |   1 |  518.0 |
          Lair |   6726 |   6553 |    173 |   2123 |   2387 |   5 | 1345.2 |
               +--------+--------+--------+--------+--------+-----+--------+

Top non-repeatable levels by time:
  Lair:4: 2231 daAuts
     D:9: 2163 daAuts
     D:6: 1969 daAuts
     D:2: 1825 daAuts
     D:8: 1820 daAuts
  Lair:3: 1647 daAuts
  Lair:1: 1598 daAuts
     D:7: 1385 daAuts
     D:4: 1289 daAuts
     D:1: 1282 daAuts
  Lair:2: 1231 daAuts
     D:5: 1216 daAuts
     D:3: 1148 daAuts
  Temple: 518 daAuts
    D:10: 450 daAuts
